 Dungeon Crawl Stone Soup version 0.31-a0-876-gfe8ebadbca (webtiles) character file.

Game seed: 7053933972331610427

3 kae the Vexing (level 1, -1/13 HPs)
             Began as a Demonspawn Enchanter on Oct 13, 2023.
             Slain by a hobgoblin (3 damage)
             ... on level 1 of the Dungeon.
             The game lasted 00:00:04 (85 turns).

kae the Vexing (Demonspawn Enchanter)                 Turns: 85, Time: 00:00:05

Health: -1/13      AC:  2    Str:  8    XL:     1   Next: 41%
Magic:  3/3        EV: 12    Int: 16    God:
Gold:   24         SH:  0    Dex: 13    Spells: 4/4 levels left

rFire   . . .        a - +1 dagger
rCold   . . .        (no shield)
rNeg    . . .        b - +0 robe
rPois   .            (no helmet)
rElec   .            (no cloak)
rCorr   .            (no gloves)
SInv    .            (no boots)
Will    .....        (no amulet)
Stlth   ++           (no ring)
HPRegen 0.22/turn    (no ring)
MPRegen 0.08/turn

%: no passive effects
@: no status effects
A: no striking features
a: no special abilities


You were on level 1 of the Dungeon.
You visited 1 branch of the dungeon, and saw 1 of its levels.

You collected 24 gold pieces.


   Skills:
 + Level 0.1 Fighting
 * Level 1.0 Short Blades
 + Level 1.8 Dodging
 + Level 2.7 Stealth
 + Level 2.0 Spellcasting
 * Level 3.0 Hexes


You had 4 spell levels left.
You didn't know any spells.
Your spell library contained the following spells:

 Spells                   Type           Power      Damage    Failure   Level
 Ensorcelled Hibernation  Hex/Ice        12%        N/A       17%         2
 Confusing Touch          Hex            11%        N/A       19%         3
 Tukima's Dance           Hex            11%        N/A       19%         3
 Dazzling Flash           Conj/Hex       12%        N/A       32%         3

Inventory:

Hand Weapons
 a - a +1 dagger (weapon)
Armour
 b - a +0 robe (worn)
Jewellery
 I - a +6 ring of intelligence
   (You found it on level 1 of the Dungeon)
Potions
 c - 2 potions of invisibility

Dungeon Overview and Level Annotations

Branches:
Dungeon (1/15) Zot: 5914

Altars:

....## .>...## $.#
......## ..#
.......## ..#
.#......## ..#
###.†....## .. #
##).....## #.## ##
.. ##......##
#)r#..#.#
##......####@#....##
##........b.g......
##....[.####.#....##
##......## #..#..#.#
# ##......## ##.##
## .. ###......##
##..# .#......##
##..## .......##
##..## ......##
##..##


You could see a hobgoblin, a bat and a rat.


Message History

Lua error: /dgldir/rcfiles/crawl-git/kae.rc:525: unexpected symbol near '#' 🤖 Initializing magus.rc ...
Bad monster_list_colour key: strict_neutral Bad channel name 'pray' for runrest: 'pray:' Options error: Missing colour in message_colour setting: 'that.*feels deathly cold' Options error: Missing colour in message_colour setting: 'and you must be Full or above to equip it' Options error: Missing colour in message_colour setting: 'but rights himself reflexively soon after' Options error: Missing colour in message_colour setting: 'before it is too late' ✅ Successfully initialized magus.rc [v1.11.3] Welcome, kae the Demonspawn Enchanter.
It is said that the Orb of Zot exists deep within this dungeon.
Press ? for a list of commands and other information.
Found 24 gold pieces.
Found a staircase leading out of the dungeon.
You now have 11 gold pieces.
You now have 24 gold pieces (gained 13).
Found a stone staircase leading down.
A frilled lizard comes into view.
A frilled lizard is nearby!
A goblin comes into view. It is wielding a +0 club.
There are monsters nearby!
There are monsters nearby!
A goblin comes into view. It is wielding a +0 club.
The goblin shouts!
There are monsters nearby!
There are monsters nearby!
The goblin hits you but does no damage.
You hit the goblin. The goblin barely misses you.
There are monsters nearby!
You barely miss the goblin. You barely miss the goblin.
The goblin closely misses you.
There are monsters nearby!
You hit the goblin.
You kill the goblin!
The frilled lizard bites you but does no damage.
You closely miss the frilled lizard. The frilled lizard closely misses you.
A frilled lizard is nearby!
You hit the frilled lizard.
You kill the frilled lizard!
Your Short Blades skill increases to level 1!
No target in view!
You see here a frilled lizard corpse.
I - a +6 ring of intelligence No target in view!
No target in view!
You see here a +0 club.
A bat comes into view.
A hobgoblin, a goblin and a rat come into view.
The goblin shouts!
The hobgoblin shouts!
There are monsters nearby!
The rat closely misses you.
You closely miss the goblin. The goblin barely misses you. The rat bites you.
The bat hits you. 😕 HP[-2]
You take 2 damage, and now have 11/13 hp.
There are monsters nearby!
You hit the goblin. The bat closely misses you. The goblin closely misses you.
The rat bites you but does no damage.
You hit the goblin but do no damage. The goblin hits you but does no damage.
The rat bites you.
The bat hits you but does no damage. 😕 HP[-1]
You take 1 damage, and now have 10/13 hp.
There are monsters nearby!
You barely miss the goblin. The bat hits you but does no damage.
The rat closely misses you. The goblin closely misses you.
You hit the goblin.
You kill the goblin!
The bat hits you but does no damage. The bat hits you. The rat bites you.
The hobgoblin hits you.
* * * LOW HITPOINT WARNING * * *
😱 HP[-7]
You take 7 damage, and now have 3/13 hp.
MASSIVE DAMAGE!! (PAUSE)
You hit the rat.
The bat barely misses you. x2; The rat bites you.
* * * LOW HITPOINT WARNING * * *
The hobgoblin hits you.
You die...

Skill      XL: |  1 |
---------------+----+-----
Short Blades   | 1 |  1.0
Fighting       | |  0.1
Dodging        | |  1.8
Stealth        | |  2.7
Spellcasting   | |  2.0
Hexes          | |  3.0

Action                     || total
---------------------------++-------
  Melee: Dagger            ||    12
 Armour: Robe              ||    15
  Dodge: Dodged            ||    11

Levels and vault maps discovered:
D:1:      dpeg_arrival_central, layout_loops_cross,
          shapermc_ecumenical_altar_venn

Notes
Turn   | Place    | Note
-------+----------+-------------------------------------------
     0 | D:1      | kae the Demonspawn Enchanter began the quest for the Orb.
     0 | D:1      | Reached XP level 1. HP: 13/13 MP: 3/3
     0 | D:1      | magus.rc [v1.11.3]
    34 | D:1      | Reached skill level 1 in Short Blades
    84 | D:1      | HP: 3/13 [hobgoblin (5)]
    85 | D:1      | Slain by a hobgoblin

Vanquished Creatures
  2 goblins (D:1)
  A frilled lizard (D:1)
3 creatures vanquished.

Table legend:
 A = Non-vault XP
 B = Vault XP
 C = Vault XP percentage of total XP
 D = Non-vault monster count
 E = Vault monster count
 F = Vault count percentage of total count
                 A         B        C        D         E       F
            +---------+---------+-------+---------+---------+-------
      Total |       5 |       0 |   0.0 |       3 |       0 |   0.0
            +---------+---------+-------+---------+---------+-------
        D:1 |       5 |       0 |   0.0 |       3 |       0 |   0.0
            +---------+---------+-------+---------+---------+-------

Skill      XL: |  1 |
---------------+----+-----
Short Blades   | 1 |  1.0
Fighting       | |  0.1
Dodging        | |  1.8
Stealth        | |  2.7
Spellcasting   | |  2.0
Hexes          | |  3.0

Action                     || total
---------------------------++-------
  Melee: Dagger            ||    12
 Armour: Robe              ||    15
  Dodge: Dodged            ||    11

Illustrated notes

Table legend:
 A = Kills in this place as a percentage of kills in the entire game.
 B = Kills by you in this place as a percentage of kills by you in the entire game.
 C = Kills by friends in this place as a percentage of kills by friends in the entire game.
 D = Other kills in this place as a percentage of other kills in the entire game.
 E = Experience gained in this place as a percentage of experience gained in the entire game.
 F = Experience gained in this place divided by the number of levels of this place that you have seen.
                   A       B       C       D       E      F
               +-------+-------+-------+-------+-------+----------------------
         Total | 100.0 | 100.0 |   N/A |   N/A | 100.0 |   5.0
       Dungeon | 100.0 | 100.0 |   N/A |   N/A | 100.0 |   5.0
               +-------+-------+-------+-------+-------+----------------------

Table legend: (Time is in decaauts)
 A = Elapsed time spent in this place.
 B = Non-inter-level travel time spent in this place.
 C = Inter-level travel time spent in this place.
 D = Time resting spent in this place.
 E = Time spent auto-exploring this place.
 F = Levels seen in this place.
 G = Mean time per level.
                   A        B        C        D        E       F      G
               +--------+--------+--------+--------+--------+-----+--------+
         Total |     84 |     84 |      0 |      0 |     58 |   1 |   84.0 |
       Dungeon |     84 |     84 |      0 |      0 |     58 |   1 |   84.0 |
               +--------+--------+--------+--------+--------+-----+--------+

Top non-repeatable levels by time:
     D:1: 84 daAuts
